Map: NeoHumanity LE

Players

EarlyCuyler - Winner!

  • Race: Zerg Zerg
  • League: Silver
  • Spawn Location: 11:00

puji

  • Race: Protoss Protoss
  • League: Silver
  • Spawn Location: 5:00

VOD

Have the link to the VOD?

Description

Time

  • Played on: Feb. 24, 2023, 11:51 a.m.
  • Length: 14:56
Show
View Real Time Build Order
Export as new Build Order

EarlyCuyler Zerg - Winner!

Build Orders: Hatch First, Lurkers 

Get SALT Encoding   

  12  0:01  Drone  
  13  0:13  Overlord  
  13  0:17  Drone  
  14  0:31  Drone  
  14  0:32  Drone  
  16  0:37  Drone  
  17  0:57  Hatchery  
  17  1:02  Drone x2  
  18  1:08  Drone  
  19  1:19  Spawning Pool  
  19  1:21  Extractor, Drone  
  18  1:34  Extractor  
  18  1:36  Drone  
  18  2:05  Drone x3  
  18  2:08  Queen  
  21  2:09  Overlord  
  23  2:18  Queen  
  23  2:21  Zergling x2  
  26  2:28  Drone x2  
  28  2:30  Metabolic Boost  
  28  2:36  Drone  
  29  2:44  Roach Warren  
  29  2:51  Lair  
  28  2:53  Drone  
  28  2:55  Drone  
  30  2:58  Drone  
  31  3:10  Zergling x6  
  31  3:11  Drone  
  35  3:16  Overlord  
  35  3:23  Overlord  
  35  3:29  Drone  
  35  3:32  Overlord  
  36  3:38  Drone x3  
  39  3:51  Evolution Chamber  
  39  3:53  Queen, Evolution Chamber  
  39  4:00  Queen  
  41  4:11  Drone x4  
  41  4:13  Drone  
  41  4:15  Drone  
  47  4:19  Overlord  
  47  4:36  Drone  
  47  4:37  Drone x5  
  53  5:10  Hatchery  
  53  5:13  Overseer  
  52  5:19  Hydralisk Den  
  51  5:23  Infestation Pit  
  51  5:27  Drone x4  
  54  5:33  Extractor  
  54  5:35  Extractor  
  52  5:51  Roach x4  
  60  6:13  Grooved Spines  
  60  6:17  Zerg Missile Weapons Level 1, Zerg Ground Armor Level 1  
  60  6:45  Drone x6  
  66  6:51  Overlord  
  66  7:02  Lurker Den  
  66  7:05  Zergling x2  
  66  7:09  Queen  
  66  7:10  Baneling Nest  
  67  7:24  Muscular Augments  
  67  7:29  Drone x3  
  71  7:30  Drone x3  
  71  7:34  Extractor  
  71  7:35  Extractor  
  71  7:40  Hydralisk  
  71  7:42  Zergling x2, Overlord x3  
  71  7:43  Overlord x5  
  74  7:59  Hatchery  
  74  8:00  Hydralisk  
  74  8:01  Hydralisk x5  
  85  8:08  Hatchery  
  84  8:31  Overlord x2  
  84  8:35  Drone x4  
  84  8:36  Drone x5  
  84  8:37  Drone x2  
  95  8:48  Hydralisk x2  
  95  8:49  Hydralisk x3  
  95  8:53  Lurker x6  
  95  8:54  Lurker  
  112  8:57  Baneling  
  112  8:58  Baneling x6  
  112  8:59  Baneling  
  112  9:00  Centrifugal Hooks  
  112  9:06  Hive  
  112  9:16  Drone x2  
  112  9:17  Drone x6  
  115  9:18  Drone x3  
  115  9:20  Hydralisk x3  
  129  9:45  Zergling x10  
  130  9:46  Hydralisk, Zergling x12  
  130  9:47  Hydralisk x6  
  150  10:01  Zergling x12  
  150  10:03  Queen  
  158  10:13  Queen  
  160  10:32  Overseer  
  160  10:39  Hydralisk x2  
  160  10:41  Zergling x2  
  160  10:42  Overlord x4  
  165  10:43  Overlord x6  
  136  11:28  Hydralisk  
  136  11:29  Hydralisk x13  
  136  11:31  Roach x2  
  168  11:52  Hydralisk x3  
  168  11:53  Hydralisk, Ultralisk Cavern  
  175  11:54  Viper x2  
  181  12:02  Drone x4  
  181  12:03  Drone  
  186  12:14  Hydralisk x3  
  186  12:15  Hydralisk x4  
  195  13:36  Anabolic Synthesis  
Show
View Real Time Build Order
Export as new Build Order

puji Protoss 

Build Orders:  

Get SALT Encoding   

  12  1:15  Probe (Chrono Boost), Pylon  
  12  1:18  Pylon  
  13  1:21  Assimilator  
  14  1:25  Probe (Chrono Boost)  
  14  1:26  Assimilator  
  14  1:31  Probe (Chrono Boost)  
  15  1:41  Gateway  
  15  1:42  Probe (Chrono Boost), Gateway  
  15  1:46  Gateway  
  16  1:47  Probe (Chrono Boost)  
  17  1:57  Probe (Chrono Boost)  
  18  2:09  Probe (Chrono Boost)  
  19  2:18  Probe (Chrono Boost)  
  20  2:26  Probe, Gateway  
  21  2:31  Cybernetics Core  
  21  2:36  Pylon  
  21  2:38  Probe  
  21  2:40  Pylon  
  22  2:52  Probe  
  23  3:01  Pylon  
  23  3:07  Forge  
  23  3:08  Stalker  
  23  3:09  Stalker  
  23  3:11  Stalker  
  29  3:24  Warp Gate  
  29  3:28  Stalker  
  31  3:55  Nexus  
  31  4:07  Stalker x2  
  35  4:11  Probe  
  36  4:25  Photon Cannon  
  36  4:30  Photon Cannon  
  36  4:36  Shield Battery  
  36  4:42  Shield Battery  
  36  4:48  Probe  
  36  4:52  Stalker  
  39  5:07  Probe (Chrono Boost)  
  39  5:13  Protoss Ground Weapons Level 1  
  40  5:15  Probe (Chrono Boost)  
  40  5:18  Probe (Chrono Boost)  
  42  5:26  Probe (Chrono Boost)  
  44  5:28  Probe (Chrono Boost)  
  44  5:35  Probe (Chrono Boost)  
  46  5:36  Probe (Chrono Boost)  
  46  5:37  Stalker  
  46  5:38  Stalker  
  50  5:43  Probe  
  50  5:46  Probe  
  52  5:54  Stalker x2  
  52  5:55  Probe  
  57  6:03  Probe  
  58  6:07  Probe  
  59  6:12  Assimilator  
  59  6:15  Probe  
  59  6:16  Assimilator  
  60  6:19  Probe  
  60  6:20  Twilight Council  
  60  6:23  Gateway  
  61  6:27  Probe, Gateway  
  61  6:31  Probe  
  64  6:40  Probe  
  64  6:43  Probe, Stalker x2  
  69  6:52  Probe, Pylon  
  69  6:54  Pylon  
  70  6:58  Pylon  
  70  7:03  Pylon  
  70  7:06  Pylon  
  70  7:10  Probe x2  
  70  7:13  Stalker  
  70  7:14  Stalker x3  
  80  7:16  Blink  
  80  7:18  Protoss Ground Armor Level 1 (Chrono Boost), Stalker  
  82  7:46  Stalker  
  82  7:47  Stalker x3, Pylon  
  82  7:49  Pylon  
  90  8:14  Robotics Facility  
  90  8:16  Robotics Facility  
  90  8:27  Stalker  
  90  8:28  Stalker x5  
  102  8:40  Templar Archives  
  102  8:56  Stalker  
  102  8:57  Stalker x4  
  102  8:58  Stalker  
  114  9:05  Observer x2  
  116  9:18  Pylon  
  116  9:20  Pylon  
  116  9:30  Robotics Bay  
  116  9:33  Psionic Storm  
  116  9:40  Pylon  
  116  9:44  Pylon  
  116  9:48  Pylon  
  116  10:33  High Templar x2  
  116  10:34  High Templar x2  
  66  11:32  Nexus  
  66  11:37  Pylon  
  66  11:38  Pylon  
  66  11:41  Stalker x2  
  66  11:42  Stalker x4  
  78  11:48  Colossus x2  
  78  11:54  Protoss Shields Level 1  
  90  12:09  Shield Battery  
  90  12:12  Shield Battery  
  90  12:15  Photon Cannon  
  90  12:16  Photon Cannon  
  90  12:17  Photon Cannon  
  90  12:19  Photon Cannon  
  90  12:20  Photon Cannon  
  90  12:24  Photon Cannon  
  90  12:33  Stalker x4  
  90  12:34  Stalker x2  
  102  12:51  Colossus x2 (Chrono Boost)  
  114  13:06  Assimilator x2  
  106  13:42  Observer x2 (Chrono Boost)  
  106  13:46  Photon Cannon  
  108  13:48  Photon Cannon  
  108  13:49  Photon Cannon  
  108  13:56  Observer x2  
  92  14:13  Stalker x4  
  92  14:14  Stalker x2  
  82  14:40  Stalker  
  82  14:41  Stalker x4  
  82  14:42  Stalker  
Tags
 
Composition
Lurkers
Matchup
PvZ
Spawn Locations
Cross Positions
Add a new tag
Caveats
  • Supply blocks, unpowered buildings, or Contaminate may cause inaccurate times.
  • Supply counts are checked every 10 seconds.